 Dungeon Crawl Stone Soup version 0.23-a0-677-g07611c5 (console) character file.

323 Duffy the Conjurer (level 6, 38/41 HPs)
             Began as a Demonspawn Fire Elementalist on Jan 9, 2019.
             Quit the game on level 4 of the Dungeon.
             The game lasted 00:05:16 (2639 turns).

Duffy the Conjurer (Demonspawn Fire Elementalist)   Turns: 2639, Time: 00:05:17

Health: 38/41      AC:  4    Str:  8    XL:     6   Next: 23%
Magic:  3/11       EV: 12    Int: 18    God:
Gold:   39         SH:  0    Dex: 14    Spells: 4/12 levels left

rFire    + . .     SeeInvis .   j - +0 dagger
rCold    . . .     Gourm    .   (no shield)
rNeg     . . .     Faith    .   a - +0 robe
rPois    .         Spirit   .   (no helmet)
rElec    .         Reflect  .   (no cloak)
rCorr    .         Harm     .   (no gloves)
MR       .....                  (no boots)
Stlth    +++.......             f - amulet of magic regeneration
HPRegen  0.13/turn              (no ring)
MPRegen  0.37/turn              (no ring)

@: no status effects
A: molten scales 1, fire resistance 1, nightstalker 1
a: no special abilities


You were on level 4 of the Dungeon.
You were hungry.

You visited 2 branches of the dungeon, and saw 5 of its levels.

You collected 39 gold pieces.

Inventory:

Hand Weapons
 j - a +0 dagger (weapon)
Armour
 a - a +0 robe (worn)
Jewellery
 f - an amulet of magic regeneration (around neck)
Wands
 r - a wand of iceblast (6)
 s - a wand of random effects (19)
Scrolls
 b - a scroll of blinking {unknown}
 d - 7 scrolls of remove curse
 e - 2 scrolls of immolation {unknown}
 g - a scroll of fear {unknown}
 h - 2 scrolls of fog
 l - 2 scrolls of teleportation {unknown}
 m - 2 scrolls of enchant weapon {unknown}
 n - 2 scrolls of identify {unknown}
 p - 3 scrolls of enchant armour {unknown}
 q - a scroll of magic mapping {unknown}
Potions
 k - a potion of heal wounds
 o - a potion of flight {unknown}
 t - a potion of cancellation {unknown}
Comestibles
 c - 10 rations
 i - 2 chunks of flesh


   Skills:
 - Level 1.7 Dodging
 - Level 1.7 Stealth
 + Level 3.6 Spellcasting
 + Level 4.2 Conjurations
 + Level 4.0 Fire Magic


You had 4 spell levels left.
You knew the following spells:

 Your Spells              Type           Power        Failure   Level  Hunger
h - Flame Tongue          Conj/Fire      ###..        2%          1    None
j - Sticky Flame          Conj/Fire      ###.....     28%         4    ####...
l - Conjure Flame         Conj/Fire      ###.....     9%          3    ###....

Your spell library contained the following spells:

 Spells                   Type           Power        Failure   Level  Hunger
 Throw Flame              Conj/Fire      ###...       4%          2    ##.....
 Inner Flame              Hex/Fire       ##......     21%         3    ###....
 Fireball                 Conj/Fire      ###.......   61%         5    ######.


Dungeon Overview and Level Annotations

Branches:
Dungeon (4/15)             Temple (1/1) D:4

Altars:
Ashenzari
Cheibriados
Dithmenos
Gozag
Hepliaklqana
Kikubaaqudgha
Makhleb
Okawaru
Qazlal
Trog
Uskayaw
Vehumet
Wu Jian
Xom
Zin
The Shining One

Annotations:
D:2 Natasha


Innate Abilities, Weirdness & Mutations

You are partially covered in molten scales. (AC +2)
Your flesh is heat resistant. (rF+)
You are slightly more attuned to the shadows.


Message History

Press: ? - help, Shift-Dir - straight line, f/p - Sigmund
Aim: Sigmund, wielding a +0 scythe and wearing a +2 robe of magic resistance The flame tongue hits Sigmund.
Sigmund is severely wounded.
Sigmund burns!
Sigmund closely misses you.
Casting: Flame Tongue (safe; 4% risk of failure)
Confirm with . or Enter, or press ? or * to list all spells.
Aiming: Flame Tongue (safe; 4% risk of failure)
Press: ? - help, Shift-Dir - straight line, f/p - Sigmund
Aim: Sigmund, wielding a +0 scythe and wearing a +2 robe of magic resistance The flame tongue hits Sigmund.
You kill Sigmund!
Your Conjurations skill increases to level 4!
Your Fire Magic skill increases to level 4!
You have reached level 6!
Your experience leads to an increase in your attributes!
Increase (S)trength, (I)ntelligence, or (D)exterity?
You feel clever.
Your demonic ancestry asserts itself...
You feel resistant to heat.
Are you sure you want to abandon this character and quit the game? (Confirm

#.##.#
#...~~~~~~
#)##.#
#..~~~~~~~
#.##.###### .
....~~~~~~.
#.........##.#
##..~~~~~~.
#..........#.#
#..~~~~~~.
#............^#
#...~~~~~~
#...........####
#.....~~~~
#...............
.......~~
#.#######@######
........ #. #)#
.###.)# # ..#
#### #.# ### #.#
.... ###.####..#
.........##


There were no monsters in sight!

Vanquished Creatures
  Sigmund (D:4)
  2 iguanas (D:4)
  A worker ant (D:4)
  An orc wizard (D:4)
  A worm (D:2)
  A dart slug (D:1)
  4 leopard geckos
  10 orcs (D:4)
  A ball python (D:1)
  2 giant cockroaches
  3 goblins
  3 hobgoblins
  2 jackals (D:2)
  4 bats
  6 frilled lizards
  2 kobolds
  3 rats
47 creatures vanquished.

Notes
Turn   | Place    | Note
-------+----------+-------------------------------------------
     0 | D:1      | Duffy the Demonspawn Fire Elementalist began the quest for
                  | the Orb.
     0 | D:1      | Reached XP level 1. HP: 13/13 MP: 3/3
   249 | D:1      | Gained mutation: You are slightly more attuned to the
                  | shadows. [demonic ancestry]
   249 | D:1      | Reached XP level 2. HP: 19/19 MP: 0/5
  1198 | D:2      | Reached XP level 3. HP: 24/24 MP: 4/6
  1203 | D:2      | Learned a level 3 spell: Conjure Flame
  1234 | D:2      | Noticed Natasha
  1482 | D:2      | You fall through a shaft for 2 floors!
  1482 | D:4      | Found a staircase to the Ecumenical Temple.
  1500 | Temple   | Entered the Ecumenical Temple
  1901 | D:4      | Found an iron altar of Okawaru.
  1906 | D:4      | Found a bloodstained altar of Trog.
  1908 | D:4      | Found a burning altar of Makhleb.
  1980 | D:3      | Reached XP level 4. HP: 30/30 MP: 3/7
  1990 | D:3      | Found a snail-covered altar of Cheibriados.
  2043 | D:3      | Noticed a centaur
  2108 | D:4      | Found a shimmering altar of Xom.
  2117 | D:4      | Found a shimmering altar of Xom.
  2118 | D:4      | Found a shimmering altar of Xom.
  2127 | D:4      | Found a shimmering altar of Xom.
  2127 | D:4      | Found a shimmering altar of Xom.
  2138 | D:4      | Found a shimmering altar of Xom.
  2138 | D:4      | Found a shimmering altar of Xom.
  2235 | D:4      | Found a radiant altar of Vehumet.
  2290 | D:4      | Gained mutation: You are partially covered in molten
                  | scales. (AC +2) [demonic ancestry]
  2290 | D:4      | Reached XP level 5. HP: 29/35 MP: 3/9
  2296 | D:4      | Learned a level 4 spell: Sticky Flame
  2633 | D:4      | Noticed Sigmund
  2638 | D:4      | Killed Sigmund
  2638 | D:4      | Gained mutation: Your flesh is heat resistant. (rF+)
                  | [demonic ancestry]
  2638 | D:4      | Reached XP level 6. HP: 38/41 MP: 3/11
  2639 | D:4      | Quit the game

Vault maps used:
D:1:      erik_arrival_cave_to_civilisation
D:2:      first_ration, hangedman_decor_push, uniq_natasha
D:3:      overflow_temple_1_default, skrybe_limestone_x,
          kennysheep_generic_room_3
D:4:      vehumet_crystals, nemelex_xobeh_ov_fountains_minmay, xom_redecorated,
          minitemple, temple_pool_b, uniq_sigmund
Temple:   dpeg_chambers_temple

Skill      XL: |  1  2  3  4  5 |
---------------+----------------+-----
Conjurations   | 2 3 4 |  4.2
Fire Magic     | 3 4 |  4.0
Spellcasting   | 3 |  3.6
Dodging        | |  1.7
Stealth        | |  1.7

Action                   |  1- 3 |  4- 6 || total
-------------------------+-------+-------++-------
 Cast: Flame Tongue      |    66 |    33 ||    99
       Conjure Flame     |       |     2 ||     2
       Sticky Flame      |       |     1 ||     1
  Use: Scroll            |     2 |       ||     2
       Potion            |     2 |       ||     2
  Eat: Chunk             |     4 |     2 ||     6
Dodge: Dodged            |    15 |     7 ||    22

Table legend:
 A = Non-vault XP
 B = Vault XP
 C = Vault XP percentage of total XP
 D = Non-vault monster count
 E = Vault monster count
 F = Vault count percentage of total count
                 A         B        C        D         E       F
            +---------+---------+-------+---------+---------+-------
      Total |     229 |     233 |  50.4 |      44 |       3 |   6.4
            +---------+---------+-------+---------+---------+-------
        D:1 |      17 |       2 |  10.5 |       8 |       2 |  20.0
        D:2 |      37 |       0 |   0.0 |      19 |       0 |   0.0
        D:3 |       3 |       0 |   0.0 |       2 |       0 |   0.0
        D:4 |     172 |     231 |  57.3 |      15 |       1 |   6.2
            +---------+---------+-------+---------+---------+-------
